 Dungeon Crawl Stone Soup version 0.16-a0-3623-gda98d6b (webtiles) character file.

141 Stone the Cudgeler (level 5, -1/41 HPs)
             Began as a Mummy Fighter on Jan 14, 2015.
             Slain by a gnoll
             ... wielding a +0 halberd
              (10 damage)
             ... on level 3 of the Dungeon.
             The game lasted 00:04:19 (2507 turns).

Stone the Cudgeler (Mummy Fighter)                  Turns: 2507, Time: 00:04:19

Health: -1/41      AC:  9    Str: 20    XL:     5   Next: 3%
Magic:  5/5        EV:  7    Int:  7    God:
Gold:   89         SH:  8    Dex: 11    Spells: 0 memorised, 4 levels left

rFire  x . .     SeeInvis .     a - +0 flail
rCold  + . .     Clarity  .     b - +0 scale mail
rNeg   + + +     SustAb   .     c - +0 shield
rPois  ∞         Gourm    .     h - +0 hat
rElec  .         Spirit   .     j - +0 cloak
rCorr  .         Warding  .     (no gloves)
rMut   .         Stasis   .     f - +1 pair of boots
MR     .....                    (no amulet)
Stlth  ..........               (no ring)
                                (no ring)

@: not resistant to hostile enchantments, extremely unstealthy
A: no food or potions, fire vulnerability, restore body, cold resistance 1,
negative energy resistance 3, poison resistance, torment resistance, unbreathing
a: no special abilities


You were on level 3 of the Dungeon.
You were not hungry.

You visited 1 branch of the dungeon, and saw 3 of its levels.

You collected 89 gold pieces.

Inventory:

Hand weapons
 a - a +0 flail (weapon)
 i - a +4 quarterstaff of chaos
Armour
 b - a +0 scale mail (worn)
 c - a +0 shield (worn)
 f - a +1 pair of boots (worn)
 h - a +0 hat (worn)
 j - a +0 cloak (worn)
Scrolls
 d - 3 scrolls of enchant armour
 e - a scroll of remove curse
 g - a scroll of enchant weapon {unknown}


   Skills:
 - Level 3.0 Fighting
 + Level 4.3 Maces & Flails
 - Level 2.4 Armour
 - Level 2.4 Shields


You had 4 spell levels left.
You didn't know any spells.

Dungeon Overview and Level Annotations

Branches:
Dungeon (3/15)

Altars:
Fedhas
Xom
The Shining One


Innate Abilities, Weirdness & Mutations

You do not eat or drink.
Your flesh is vulnerable to fire.
Your flesh is cold resistant.
You are immune to negative energy.
Your system is resistant to poisons.
You are immune to unholy pain and torment.
You can survive without breathing.


Message History

* * * LOW HITPOINT WARNING * * *
You are too injured to fight recklessly!
You are too injured to fight recklessly!
You are too injured to fight recklessly!
You are too injured to fight recklessly!
You barely miss the gnoll.
The gnoll is severely wounded.
The gnoll hits you but does no damage. You block the gnoll's attack.
You hit the gnoll but do no damage.
The gnoll is severely wounded.
The gnoll hits you but does no damage. x2
You hit the gnoll.
You kill the gnoll!
You have reached level 5!
You block the gnoll's attack. The gnoll hits you but does no damage.
Things that are here:
a club; a gnoll corpse The gnoll hits you from afar with a halberd!
You die...

#.# #.# #.#
#.# ### #.#
#.# ##.####.#
#....##.# #
#....##.##.###
#.(..##@)gl..#
#.......##g#.#
######### #


You could see 2 gnolls and a giant gecko.

Vanquished Creatures
  Crazy Yiuf (D:2)
  Terence (D:2)
  A gnoll (D:3)
  3 adders (D:2)
  A worm (D:2)
  A giant gecko (D:1)
  An ooze (D:1)
  2 orcs (D:2)
  6 goblins
  5 hobgoblins
  2 jackals (D:1)
  4 quokkas (D:2)
  12 bats
  2 giant cockroaches (D:2)
  6 giant newts
  5 kobolds
  6 rats
59 creatures vanquished.

Notes
Turn   | Place    | Note
--------------------------------------------------------------
     0 | D:1      | Stone, the Mummy Fighter, began the quest for the Orb.
     0 | D:1      | Reached XP level 1. HP: 18/18 MP: 1/1
   222 | D:1      | Reached XP level 2. HP: 24/24 MP: 2/2
   674 | D:2      | Reached XP level 3. HP: 29/29 MP: 3/3
   716 | D:2      | Paralysed by an orc for 2 turns
   730 | D:2      | Found a shimmering altar of Xom.
  1073 | D:2      | Noticed Terence
  1090 | D:2      | Killed Terence
  1272 | D:2      | Reached XP level 4. HP: 25/35 MP: 4/4
  1579 | D:2      | Found a glowing golden altar of the Shining One.
  1614 | D:2      | Found a blossoming altar of Fedhas.
  1808 | D:2      | Noticed Crazy Yiuf
  2052 | D:2      | Killed Crazy Yiuf
  2052 | D:2      | Reached skill level 4 in Maces & Flails
  2505 | D:3      | Reached XP level 5. HP: 9/41 MP: 5/5
  2507 | D:3      | Slain by a gnoll

Action                   |  1- 3 |  4- 6 || total
-------------------------+-------+-------++-------
Melee: Flail             |   166 |    75 ||   241
  Use: Scroll            |     5 |       ||     5
